 Dungeon Crawl Stone Soup version 0.19-a0-664-g51fd293 (webtiles) character file.

212 LORDOFBUTT the Chopper (level 5, 0/47 HPs)
             Began as a Minotaur Berserker on June 16, 2016.
             Was a Priest of Trog.
             Slain by an ogre
             ... wielding a +0 giant club
              (21 damage)
             ... on level 4 of the Dungeon.
             The game lasted 00:05:17 (2406 turns).

LORDOFBUTT the Chopper (Minotaur Berserker)         Turns: 2406, Time: 00:05:18

Health: 0/47       AC:  9    Str: 21    XL:     5   Next: 58%
Magic:  4/4        EV:  9    Int:  4    God:    Trog [***...]
Gold:   150        SH:  0    Dex: 14    Spells: 0 memorised, 4 levels left

rFire  . . .     SeeInvis .     a - +0 hand axe
rCold  . . .     Gourm    .     l - +0 chain mail
rNeg   . . .     Faith    .     (no shield)
rPois  .         Spirit   .     (helmet restricted)
rElec  .         Dismiss  .     (no cloak)
rCorr  .         Reflect  .     (no gloves)
SustAt .         Harm     .     (no boots)
MR     .....                    (no amulet)
Stlth  ..........               x - ring of stealth
                                d - +3 ring of dexterity

@: not resistant to hostile enchantments, extremely unstealthy
A: retaliatory headbutt, horns 2
a: Berserk, Trog's Hand, Burn Spellbooks, Renounce Religion


You were on level 4 of the Dungeon.
You worshipped Trog.
Trog was most pleased with you.
You were hungry.

You visited 1 branch of the dungeon, and saw 4 of its levels.

You collected 150 gold pieces.

Inventory:

Hand Weapons
 a - a +0 hand axe (weapon)
Armour
 b - a +0 animal skin
 l - a +0 chain mail (worn)
Jewellery
 d - a +3 ring of dexterity (left hand)
 v - an uncursed ring of flight
 x - a ring of stealth (right hand)
Scrolls
 e - a scroll of enchant armour {unknown}
 g - a scroll of amnesia {unknown}
 h - a scroll of enchant weapon {unknown}
 j - a scroll of blinking {unknown}
 n - 2 scrolls of fog {unknown}
 o - a scroll of recharging {unknown}
 u - a scroll of immolation {unknown}
 w - a scroll of remove curse {unknown}
Potions
 f - a potion of haste
 k - a potion of ambrosia
 m - a potion of resistance
 p - a potion of beneficial mutation
 q - a potion of might
 r - a potion of mutation
 s - 2 potions of curing
 t - a potion of heal wounds
 z - a potion of magic {unknown}
Comestibles
 c - 2 bread rations
 i - 2 meat rations
 A - a slice of pizza


   Skills:
 + Level 4.6 Fighting
 + Level 5.0 Axes
 + Level 4.3 Armour
 + Level 3.5 Dodging
 + Level 0.5 Stealth


You had 4 spell levels left.
You didn't know any spells.

Dungeon Overview and Level Annotations

Branches:
Dungeon (4/15)
 Temple: D:4-7

Altars:
Ashenzari
Cheibriados
Gozag
Hepliaklqana
Sif Muna
Uskayaw
Vehumet
Xom
Yredelemnul
Zin


Innate Abilities, Weirdness & Mutations

You reflexively headbutt those who attack you in melee.
You have a pair of horns on your head.


Message History

You are feeling hungry.
s - 2 potions of curing (gained 1)
Found a rapier.
No target in view!
No target in view!
You see here a rapier.
Found a mace.
You see here a mace.
Found a stone staircase leading down.
An ogre comes into view. It is wielding a giant club.
You see here 7 gold pieces.
An ogre is nearby!
You closely miss the ogre. The ogre hits you with a giant club!!
Ouch! That really hurt!
You hit the ogre but do no damage. The ogre closely misses you.
You furiously retaliate!
You headbutt the ogre. You hit the ogre.
The ogre is heavily wounded.
The ogre hits you with a giant club!!
You die...

#.......#.. #..#.#
#..>....# .# #....#
#.......# #.# ##.#.#
##.....## #.# #.#.#
#....## #.# #.#.#
#.#### ##.## #....
#.# ##.?.## .... #.#
##.....####....
#.######......@O....#
#........##$.#####.##
############.# #.#
#.# #.# #.# #.# #.#


You could see an ogre.

Vanquished Creatures
  An orc wizard (D:4)
  2 worker ants (D:4)
  4 adders
  An adder zombie (D:4)
  2 worms
  A dart slug (D:2)
  4 giant geckos
  13 orcs
  6 bats
  3 giant cockroaches
  10 goblins
  5 hobgoblins
  4 jackals (D:2)
  A quokka (D:3)
  2 ball pythons (D:3)
  4 giant newts
  11 kobolds
  6 rats
80 creatures vanquished.

Vanquished Creatures (others)
  An orc (D:3)
1 creature vanquished.

Grand Total: 81 creatures vanquished

Notes
Turn   | Place    | Note
--------------------------------------------------------------
     0 | D:1      | LORDOFBUTT the Minotaur Berserker began the quest for the Orb.
     0 | D:1      | Reached XP level 1. HP: 19/19 MP: 0/0
   143 | D:1      | Reached XP level 2. HP: 22/27 MP: 1/1
   172 | D:1      | Reached skill level 4 in Axes
   765 | D:2      | Reached ** piety under Trog
   772 | D:2      | Reached XP level 3. HP: 33/33 MP: 2/2
   801 | D:2      | Found a snail-covered altar of Cheibriados.
   841 | D:2      | Found a hazy altar of Hepliaklqana.
   979 | D:2      | Found a hide-covered altar of Uskayaw.
  1204 | D:2      | Reached XP level 4. HP: 41/41 MP: 3/3
  1270 | D:2      | Found a radiant altar of Vehumet.
  1299 | D:2      | Found an opulent altar of Gozag.
  1634 | D:3      | Found a basalt altar of Yredelemnul.
  1651 | D:3      | Found a shimmering altar of Xom.
  1756 | D:3      | Found a shattered altar of Ashenzari.
  1756 | D:3      | Found a glowing silver altar of Zin.
  1844 | D:3      | Reached *** piety under Trog
  1937 | D:3      | Found a deep blue altar of Sif Muna.
  2039 | D:4      | Reached XP level 5. HP: 47/47 MP: 4/4
  2249 | D:4      | Reached skill level 5 in Axes
  2400 | D:4      | Noticed an ogre
  2406 | D:4      | Slain by an ogre

Vault maps used:
D:1:      saegor_arrival_simple_e, grunt_decor_resistance,
          corexii_item_surrounded_by_moat
D:2:      grunt_gozag_breadcrumbs, old_standard_altar, cheibriados_altar_1,
          overflow_temple_1_default, nicolae_overflow_crystal_walls
D:3:      lemuel_doored_altar, led_sif_pool, yredelemnul_altar_generic,
          gammafunk_temple_overflow_pools
D:4:      first_bread

Skill      XL: |  1  2  3  4  5 |
---------------+----------------+-----
Axes           | 4 5 |  5.0
Fighting       | 4 |  4.6
Dodging        | 3 |  3.5
Armour         | 3 4 |  4.3
Stealth        | |  0.5

Action                   |  1- 3 |  4- 6 || total
-------------------------+-------+-------++-------
Melee: Hand axe          |    95 |   101 ||   196
       Headbutt          |    10 |    20 ||    30
  Use: Scroll            |       |     9 ||     9
  Eat: Fruit             |       |     3 ||     3
       Pizza             |       |     1 ||     1
Armor: Animal skin       |     5 |       ||     5
       Chain mail        |    27 |    49 ||    76
Dodge: Dodged            |    63 |    42 ||   105
